 Dungeon Crawl Stone Soup version 0.27-a0-1456-gf5a116941d (webtiles) character file.

Game seed: 11613064261228722257

67 Arzdou the Chopper (level 3, -6/34 HPs)
             Began as a Minotaur Berserker on July 6, 2021.
             Was a Follower of Trog.
             Mangled by a gnoll (9 damage)
             ... on level 2 of the Dungeon.
             The game lasted 00:02:30 (932 turns).

Arzdou the Chopper (Minotaur Berserker)              Turns: 932, Time: 00:02:30

Health: -6/34      AC:  4    Str: 21    XL:     3   Next: 98%
Magic:  2/2        EV: 12    Int:  5    God:    Trog [*.....]
Gold:   31         SH:  0    Dex:  9    Spells: 2/2 levels left

rFire    . . .     SeeInvis .   a - +0 hand axe
rCold    . . .     Faith    .   (no shield)
rNeg     . . .     Spirit   .   g - +0 leather armour
rPois    .         Reflect  .   (helmet restricted)
rElec    .         Harm     .   (no cloak)
rCorr    .         Rampage  .   c - +0 pair of gloves
Will     .....                  (no boots)
Stlth    +.........             (no amulet)
HPRegen  0.11/turn              (no ring)
MPRegen  0.08/turn              (no ring)

@: on berserk cooldown, slowed, very slow
A: horns 2, retaliatory headbutt
a: Renounce Religion, Berserk


You were on level 2 of the Dungeon.
You worshipped Trog.
Trog was aware of your devotion.
You visited 1 branch of the dungeon, and saw 2 of its levels.

You collected 31 gold pieces.

Inventory:

Hand Weapons
 a - a +0 hand axe (weapon)
Armour
 b - a +0 animal skin
 c - a +0 pair of gloves (worn)
 g - a +0 leather armour (worn)
Jewellery
 e - a ring of magical power
Scrolls
 f - a scroll of identify {unknown}
Potions
 d - a potion of might {unknown}


   Skills:
 * Level 4.6 Fighting
 + Level 4.6 Axes
 + Level 2.6 Armour
 + Level 2.6 Dodging


You had 2 spell levels left.
You didn't know any spells.
Your spell library was empty.

Dungeon Overview and Level Annotations

Branches:
Dungeon (2/15)

Altars:


Innate Abilities, Weirdness & Mutations

You have a pair of horns on your head.
You reflexively headbutt those who attack you in melee.


Message History

You closely miss the hobgoblin. You closely miss the gnoll.
You barely miss the gnoll. The gnoll closely misses you.
You furiously retaliate!
You headbutt the gnoll! You closely miss the hobgoblin. You hit the gnoll.
You kill the gnoll!
Trog accepts your kill.
You hit the gnoll. The gnoll closely misses you. The hobgoblin misses you.
The gnoll barely misses you.
You barely miss the hobgoblin. Your headbutt misses the hobgoblin.
You barely miss the gnoll. The gnoll closely misses you.
The hobgoblin hits you.
You slash the hobgoblin!
You kill the hobgoblin!
Trog accepts your kill.
You closely miss the gnoll.
The gnoll hits you from afar with a +0 halberd!
* * * LOW HITPOINT WARNING * * *
The gnoll hits you with a +0 halberd.
* * * LOW HITPOINT WARNING * * *
You completely miss the gnoll. Your headbutt misses the gnoll.
You hit the gnoll. The gnoll closely misses you.
You closely miss the gnoll. You hit the gnoll.
You kill the gnoll!
Trog accepts your kill. The gnoll hits you with a +0 flail.
* * * LOW HITPOINT WARNING * * *
The gnoll barely misses you.
You slash the gnoll!
You kill the gnoll!
Trog accepts your kill. The gnoll closely misses you.
You see here a +0 flail.
You feel a strong urge to attack something.
You are no longer berserk.
You are exhausted.
You feel yourself slow down.
You see here a +0 flail.
You hit the gnoll but do no damage. The gnoll barely misses you.
The gnoll hits you with a +0 halberd!
You die...

.........
###.......#
#.........#
#.........#
#.........#
#..:......#
#...).g...#
#.....@...#
#.........#
#.........#
#.......<.#######.
...................
...........#########
.#####...### #...#
###..


You could see a gnoll.

Vanquished Creatures
  4 gnolls
  A dart slug (D:1)
  An endoplasm (D:1)
  2 goblins (D:1)
  3 hobgoblins
  3 kobolds (D:1)
  4 ball pythons
  2 bats (D:1)
  11 frilled lizards (D:1)
  A rat (D:1)
32 creatures vanquished.

Vanquished Creatures (others)
  7 plants (D:1)
7 creatures vanquished.

Grand Total: 39 creatures vanquished

Notes
Turn   | Place    | Note
-------+----------+-------------------------------------------
     0 | D:1      | Arzdou the Minotaur Berserker began the quest for the Orb.
     0 | D:1      | Reached XP level 1. HP: 19/19 MP: 0/0
    45 | D:1      | Reached XP level 2. HP: 27/27 MP: 1/1
   380 | D:1      | Reached XP level 3. HP: 33/33 MP: 2/2
   932 | D:2      | Mangled by a gnoll

Illustrated notes

Levels and vault maps discovered:
D:1:      elethiomel_arrival_shortcut, layout_basic, minmay_lizard_king
D:2:      layout_loops_corners, hellmonk_ecumenical_altar_dog_temple,
          minmay_tromino_v7

Skill      XL: |  1  2 |
---------------+-------+-----
Axes           | 4 |  4.6
Fighting       | 4 |  4.6
Armour         | |  2.6
Dodging        | |  2.6

Action                   || total
-------------------------++-------
Melee: Hand axe          ||    64
       Headbutt          ||     7
Invok: Berserk           ||     3
Armor: Animal skin       ||     3
       Leather armour    ||     5
Dodge: Dodged            ||    39

Table legend: (Time is in decaauts)
 A = Elapsed time spent in this place.
 B = Non-inter-level travel time spent in this place.
 C = Inter-level travel time spent in this place.
 D = Time resting spent in this place.
 E = Time spent auto-exploring this place.
 F = Levels seen in this place.
 G = Mean time per level.
                   A        B        C        D        E       F      G
               +--------+--------+--------+--------+--------+-----+--------+
         Total |    955 |    929 |     26 |     99 |    684 |   2 |  477.5 |
       Dungeon |    955 |    929 |     26 |     99 |    684 |   2 |  477.5 |
               +--------+--------+--------+--------+--------+-----+--------+

Top non-repeatable levels by time:
     D:1: 936 daAuts
     D:2: 19 daAuts
